 Dungeon Crawl Stone Soup version 0.30-a0-634-g8abc85282e (webtiles) character file.

Game seed: 7547974903377745626

270 Dirtsage the Changer (level 6, -2/45 HPs)
             Began as an Octopode Transmuter on Jan 14, 2023.
             Was an Initiate of Gozag.
             Slain by a lemure (5 damage)
             ... led by Pikel
             ... on level 4 of the Dungeon.
             The game lasted 00:05:16 (3229 turns).

Dirtsage the Changer (Octopode Transmuter)          Turns: 3229, Time: 00:05:17

Health: -2/45      AC:  6    Str:  9    XL:     6   Next: 22%
Magic:  4/9        EV: 10    Int: 18    God:    Gozag
Gold:   242        SH:  0    Dex: 12    Spells: 2/9 levels left

rFire   x . .      SeeInvis .      - Unarmed
rCold   + + +      Faith    .    (shield currently unavailable)
rNeg    . . .      Spirit   .    (helmet currently unavailable)
rPois   +          Reflect  .    (no amulet)
rElec   .          Harm     .    (no ring)
rCorr   .          Rampage  .    (no ring)
Will    .....                    (no ring)
Stlth   +                        (no ring)
HPRegen 0.27/turn                (no ring)
MPRegen 0.11/turn                (no ring)
                                 (no ring)
                                 (no ring)

@: ice-form, wereblooded
A: freezing attack, boosted hp, almost no armour, amphibious, 8 rings, large,
(camouflage 1), (gelatinous body 1), (nimble swimmer 1), (tentacles)
a: End Transformation, Renounce Religion, Potion Petition, Call Merchant, Bribe
Branch


You were on level 4 of the Dungeon.
You worshipped Gozag.
Gozag was aware of your devotion.
You were a creature of crystalline ice.
You visited 1 branch of the dungeon, and saw 4 of its levels.

You collected 272 gold pieces.
You paid 30 gold pieces to Gozag.

Inventory:

Scrolls
 b - 2 scrolls of identify {unknown}
 c - a scroll of torment {unknown}
 d - a scroll of enchant armour {unknown}
 e - a scroll of magic mapping {unknown}
 h - 2 scrolls of amnesia {unknown}
 k - a scroll of acquirement {unknown}
Potions
 a - a potion of lignification
 f - 3 potions of curing {unknown}
 g - a potion of degeneration {unknown}
 i - a potion of mutation {unknown}
 j - a potion of invisibility {unknown}
 l - a potion of cancellation {unknown}
 m - a potion of resistance {unknown}
 n - a potion of brilliance {unknown}


   Skills:
 + Level 1.4 Fighting
 + Level 2.2 Dodging
 + Level 3.2 Unarmed Combat
 - Level 2.0 Spellcasting
 * Level 4.4 Transmutations
 * Level 3.7 Ice Magic


You had 2 spell levels left.
You knew the following spells:

 Your Spells              Type           Power      Damage    Failure   Level
a - Beastly Appendage     Tmut           34%        N/A       3%          1
b - Wereblood             Tmut           17%        N/A       4%          2
c - Ice Form              Ice/Tmut       16%        N/A       32%         4

Your spell library contained the following spells:

 Spells                   Type           Power      Damage    Failure   Level
 Blink                    Tloc           2%         N/A       26%         2
 Momentum Strike          Conj/Tloc      2%         3d8       26%         2
 Spider Form              Tmut/Pois      9%         N/A       22%         3
 Lesser Beckoning         Tloc           2%         N/A       47%         3


Dungeon Overview and Level Annotations

Branches:
Dungeon (4/15)
 Temple: D:4-7

Altars:
Elyvilon
Gozag

Annotations:
D:4 Pikel


Innate Abilities, Weirdness & Mutations

You are a creature of crystalline ice.
You have a powerful freezing melee attack.
Your maximum health is increased.
Your armour is entirely melded.
You are incapable of wielding weapons or throwing items.
You cannot wear most types of armour.
You are amphibious.
You can wear up to eight rings at the same time.
((Your skin changes colour to match your surroundings (Stealth+).))
((Your rubbery body absorbs attacks. (AC +1, EV +1)))
((You are camouflaged when in or above water. (Stealth+)))
((You have tentacles for arms and can constrict up to eight enemies at once.))


Message History

The lemure is heavily wounded.
You hit the lemure. You freeze the lemure.
The lemure is moderately wounded.
The lemure hits you.
You take 3 damage, and have 41/45 hp.
You punch the lemure! You freeze the lemure.
The lemure is severely wounded.
Pikel hits you with a +1 whip of freezing.
The lemure hits you but does no damage.
You take 5 damage, and have 36/45 hp.
You barely miss Pikel.
Pikel hits you with a +1 whip of freezing!
The lemure barely misses you.
You take 11 damage, and have 25/45 hp.
MASSIVE DAMAGE!!
You hit Pikel. You freeze Pikel.
Pikel is lightly wounded.
Pikel closely misses you. The lemure closely misses you. The lemure hits you.
You take 4 damage, and have 21/45 hp.
You hit Pikel. You freeze Pikel.
Pikel is lightly wounded.
Pikel hits you with a +1 whip of freezing!
* * * LOW HITPOINT WARNING * * *
The lemure misses you. The lemure barely misses you.
You take 8 damage, and have 13/45 hp.
You hit Pikel. You freeze Pikel.
Pikel is moderately wounded.
You barely miss Pikel.
Pikel is moderately wounded.
Pikel hits you but does no damage. The lemure hits you.
* * * LOW HITPOINT WARNING * * *
The lemure hits you.
* * * LOW HITPOINT WARNING * * *
You take 8 damage, and have 5/45 hp.
You hit Pikel but do no damage.
Pikel is moderately wounded.
Pikel hits you with a +1 whip of freezing.
* * * LOW HITPOINT WARNING * * *
The lemure hits you.
You die...
Your body crumbles into a pile of gold.

.......##
#.......#
#.......#
.......#####
....|...#..
#o......#.
#K#.....#
#Y#.....#
#55{....# ####
...##5.?...#
#..##
............#
#...#
......##...##
#...## ......
##..######.#..#
.....(
##..#.........
......
##....#......
......
###.###.....


You could see Pikel, 3 lemures and an orc.

Vanquished Creatures
  A scorpion (D:4)
  Natasha (thrice) (D:3)
  8 adders
  2 worms
  A dart slug (D:1)
  3 ball pythons
  8 bats
  6 endoplasms
  3 goblins
  7 hobgoblins
  3 jackals
  4 quokkas
  6 frilled lizards
  4 kobolds
  2 rats
61 creatures vanquished.

Notes
Turn   | Place    | Note
-------+----------+-------------------------------------------
     0 | D:1      | Dirtsage the Octopode Transmuter began the quest for the
                  | Orb.
     0 | D:1      | Reached XP level 1. HP: 13/13 MP: 3/3
   167 | D:1      | Reached skill level 1 in Ice Magic
   167 | D:1      | Reached XP level 2. HP: 9/18 MP: 5/5
   386 | D:1      | Learned a level 2 spell: Wereblood
   584 | D:1      | Reached XP level 3. HP: 17/23 MP: 6/6
  1417 | D:2      | Reached skill level 3 in Transmutations
  2057 | D:3      | Noticed Natasha
  2061 | D:3      | Reached XP level 4. HP: 28/28 MP: 5/7
  2065 | D:3      | Killed Natasha
  2141 | D:3      | Found an opulent altar of Gozag.
  2175 | D:3      | Became a worshipper of Gozag Ym Sagoz the Greedy
  2192 | D:3      | Noticed Natasha
  2197 | D:3      | Killed Natasha
  2198 | D:3      | Reached XP level 5. HP: 24/33 MP: 6/8
  2244 | D:3      | Learned a level 4 spell: Ice Form
  2253 | D:3      | Noticed Natasha
  2259 | D:3      | Killed Natasha
  2396 | D:3      | Found a faded altar of an unknown god.
  2405 | D:3      | Reached skill level 4 in Transmutations
  2723 | D:3      | Found a white marble altar of Elyvilon.
  2992 | D:4      | Reached XP level 6. HP: 32/38 MP: 6/9
  3214 | D:4      | Noticed Pikel
  3229 | D:4      | Slain by a lemure

Illustrated notes

Levels and vault maps discovered:
D:1:      scummos_arrival_simple_crosswalls, layout_loops_corners
D:2:      layout_basic, minmay_3d_cube
D:3:      layout_basic, elyvilon_altar_1, mainiacjoe_overflow_boulevard,
          hellmonk_ecumenical_altar_prayer_group, uniq_natasha
D:4:      layout_cave_pods, minmay_temple_entry_from_below_a,
          nicolae_half_adder, uniq_pikel

Skill      XL: |  1  2  3  4  5 |
---------------+----------------+-----
Ice Magic      | 1 2 3 |  3.7
Transmutations | 3 4 |  4.4
Fighting       | |  1.4
Dodging        | |  2.2
Unarmed Combat | |  3.2
Spellcasting   | |  2.0

Action                   |  1- 3 |  4- 6 || total
-------------------------+-------+-------++-------
Melee: Unarmed           |   101 |    71 ||   172
       Constrict         |    19 |     9 ||    28
       Tentacles         |    15 |     9 ||    24
       Punch             |     1 |       ||     1
       Kick              |     9 |     9 ||    18
 Cast: Beastly Appendage |     6 |     7 ||    13
       Ice Form          |       |     3 ||     3
       Wereblood         |       |     1 ||     1
 Stab: Sleeping          |     9 |     5 ||    14
Armor: Skin              |    10 |    10 ||    20
Dodge: Dodged            |    48 |    22 ||    70

Table legend: (Time is in decaauts)
 A = Elapsed time spent in this place.
 B = Non-inter-level travel time spent in this place.
 C = Inter-level travel time spent in this place.
 D = Time resting spent in this place.
 E = Time spent auto-exploring this place.
 F = Levels seen in this place.
 G = Mean time per level.
                   A        B        C        D        E       F      G
               +--------+--------+--------+--------+--------+-----+--------+
         Total |   3218 |   3123 |     95 |      0 |   2638 |   4 |  804.5 |
       Dungeon |   3218 |   3123 |     95 |      0 |   2638 |   4 |  804.5 |
               +--------+--------+--------+--------+--------+-----+--------+

Top non-repeatable levels by time:
     D:1: 1024 daAuts
     D:2: 978 daAuts
     D:3: 893 daAuts
     D:4: 321 daAuts
